Cogmind - Beta 17.1 @@@ ROGUE MODE // 2026.08.31 @ 02:41:02 Player: alice_fexa Result: Destroyed by 8R-AWN with 8R-AWN's Boregun Performance ------------- Evolutions (0) 0 Regions Visited (3) 600 Robots Destroyed (29) 145 Value Destroyed (491) 491 Prototype IDs (3) 60 Alien Tech Used (0) 0 Bonus (5500) 5500 TOTAL SCORE: 6796 Bonus ------- Prayed to X0-1V1 5000 Major X0-1V1 Interference 500 Cogmind --------- Core Integrity 0/150 Matter 198/300 Energy 100/100 System Corruption 3% Temperature Cool (0) Movement Core (1400) Ox27 Location -10/Exiles Parts ------- > --- POWER (1) -------- (None) > --- PROPULSION (2) --- (None) > --- UTILITY (2) ------ Huge Storage Unit > --- WEAPON (2) ------- Light Assault Rifle Light Assault Rifle > --- INVENTORY (25) --- Ion Engine Light Ion Engine Wheel Improved Heat Sink High-capacity Storage Unit Large Matter Pod (143) Tractor Beam Medium Laser Small Laser Particle Gun Beam Cannon Beam Cannon Beam Cannon Rocket Launcher Hammer Stasis Trap (100%) Peak State ------------ > --- POWER ------------ Light Ion Engine > --- PROPULSION ------- Light Treads Wheel > --- UTILITY ---------- Huge Storage Unit X0-1V1's Piety Tracker > --- WEAPON ----------- Assault Rifle Assault Rifle > --- INVENTORY -------- Nuclear Core Fission Core Light Fission Core Armored Treads Improved Heat Sink High-capacity Storage Unit Large Matter Pod High-capacity Matter Pod Targeting Computer Tractor Beam Medium Laser Small Laser Particle Gun Beam Cannon Beam Cannon Beam Cannon Assault Rifle Light Assault Rifle Light Assault Rifle Rocket Launcher Hammer Stasis Trap Stasis Trap Stasis Trap [Rating: 23] Favorites ----------- Power Light Ion Engine Engine Light Ion Engine Propulsion Light Treads Treads Light Treads Wheel Wheel Utility Huge Storage Unit Device X0-1V1's Piety Tracker Storage Huge Storage Unit Processor Targeting Computer Weapon Assault Rifle Energy Gun Medium Laser Ballistic Gun Assault Rifle Launcher Rocket Launcher Impact Weapon Hammer Build | -11 -10 -10 -10 ------- Run | Yrd Mat Min Exi Slots Evolved . | . . . . Power . | . . . . Propulsion . | . . . . Utility . | . . . . Weapon . | . . . . Parts Attached 27 | 6 11 4 6 Power 4 | 1 2 1 . Engine 4 | 1 2 1 . Core . | . . . . Reactor . | . . . . Propulsion 6 | 2 2 1 1 Treads 3 | 2 . . 1 Leg . | . . . . Wheel 3 | . 2 1 . Hover . | . . . . Flight . | . . . . Utility 8 | 1 3 2 2 Device 5 | . 2 2 1 Storage 2 | 1 1 . . Processor 1 | . . . 1 Hackware . | . . . . Protection . | . . . . Artifact . | . . . . Weapon 9 | 2 4 . 3 Energy Gun 1 | 1 . . . Energy Cannon . | . . . . Ballistic Gun 5 | 1 2 . 2 Ballistic Cannon . | . . . . Launcher 1 | . . . 1 Special Weapon . | . . . . Impact Weapon 2 | . 2 . . Slashing Weapon . | . . . . Piercing Weapon . | . . . . Special Melee Weapon . | . . . . Unidentified Prototypes 1 | . 1 . . Corrupted Parts 1 | . . . 1 System Corruption 3 | . . . 3 Parts Lost 12 | . 1 2 9 Power 2 | . 1 . 1 Propulsion 4 | . . 1 3 Utility 3 | . . 1 2 Weapon 3 | . . . 3 Highest Loss Streak 5 | . 1 2 5 To Critical Strikes 5 | . . . 5 Average Backups 18 | 2 15 22 19 Power 2 | . 3 2 1 Propulsion 2 | 1 2 3 . Utility 4 | . 2 5 5 Weapon 9 | . 7 11 10 Tool/Special . | . . . . Unused Backups 28 | . 3 7 18 Power 7 | . 1 1 5 Propulsion 2 | . . 1 1 Utility 9 | . . 2 7 Weapon 10 | . 2 3 5 Tool/Special . | . . . . Average Slot Usage (%) 98 | . 98 99 97 Engine 13 | . 13 14 13 Treads 15 | . 16 14 13 Wheel 12 | . 11 14 13 Device 12 | . 12 13 10 Storage 14 | . 14 14 14 Ballistic Gun 17 | . 4 28 26 Impact Weapon 10 | . 22 . . Peak Build Rating 23 | 6 21 22 23 Average Rating 14 | 5 8 21 18 On Entrance 12 | . 6 21 22 Avg Prop Armor Cover (%) 12 | . 15 11 11 Naked Turns . | . . . . Heaviest Build 90 | 12 90 88 89 Greatest Support 40 | 40 40 10 10 Greatest Overweight (x) 8 | 1 8 8 8 Average Overweight (x) 6 | . 4 8 8 Largest Inventory Capacity 25 | 8 25 25 25 Average Capacity 23 | 6 21 25 25 Most Carried 25 | 4 25 25 25 Average Carried 19 | 2 15 24 21 Final Capacity 25 | 8 25 25 25 Final Carried 25 | 4 25 25 16 Class Distribution -------------------- 100% | Mutant Dominant Class ---------------- Mutant | -10/Materials Mutant | -10/Mines Mutant | -10/Exiles Resources | -11 -10 -10 -10 ----------- Run | Yrd Mat Min Exi Matter Collected 837 | 269 334 134 100 Remotely . | . . . . Salvage Created 921 | 86 695 112 28 Parts 47 | 2 42 3 . Haulers Intercepted 2 | . 2 . . Recyclers Shooed . | . . . . Parts Field Recycled . | . . . . Retrieved Matter . | . . . . Parts Self-Destructed . | . . . . Prevented . | . . . . Parts Restored . | . . . . Kills | -11 -10 -10 -10 ------- Run | Yrd Mat Min Exi Combat Hostiles Destroyed 22 | . 16 2 4 Melee 8 | . 8 . . Guns 5 | . 3 2 . AOE 4 | . . . 4 Classes Destroyed 8 | 1 6 . 1 Worker 4 | . 3 1 . Builder 3 | . 3 . . Hauler 2 | . 2 . . Recycler 1 | 1 . . . Watcher 1 | . 1 . . Swarmer 8 | . 8 . . Grunt 10 | . 8 2 . Assembled 4 | . . . 4 Best Kill Streak 6 | 1 6 2 4 Combat Bots Only 4 | . 4 2 4 Max Kills in Single Turn 2 | 1 2 1 2 Gunslinging 1 | . 1 . . Exploded 2 | . . . 2 Melee 1 | . 1 . . Uniques/NPCs Destroyed . | . . . . Combat | -11 -10 -10 -10 -------- Run | Yrd Mat Min Exi Hostile Shots Fired 140 | . 51 25 64 Missed 33 | . 15 6 12 Hits 107 | . 36 19 52 Melee 2 | . . . 2 Projectile 105 | . 36 19 50 Critical Strikes 29 | . . . 29 Damage Taken 1519 | . 416 246 857 Core 255 | . 101 27 127 Absorbed by Shields 166 | . . . 166 Core Remaining (%) 100 | 100 . . . Volleys Fired 49 | 3 7 14 25 Largest 2 | 2 2 2 2 Hottest 70 | 70 70 40 40 Shots Fired 95 | 6 14 28 47 Gun 92 | 6 14 28 44 Cannon . | . . . . Launcher 3 | . . . 3 Special . | . . . . Kinetic 88 | 3 13 28 44 Thermal 4 | 3 1 . . Explosive 3 | . . . 3 Electromagnetic . | . . . . Robot Hit Streak 32 | 2 5 11 32 Robot Miss Streak 2 | 1 2 2 1 Penetration Max . | . . . . Secondary Targets 1 | . 1 . . Max Gunslinging Chain 1 | . 1 . . Shots Hit Robots 113 | 4 49 19 41 Core Hits 31 | 2 15 5 9 Critical Kills 1 | . 1 . . Critical Parts Destroyed 7 | . 7 . . Critical Strikes 9 | . 8 . 1 Destroy 1 | . . . 1 Smash 8 | . 8 . . Melee Attacks 60 | . 59 . 1 Impact 60 | . 59 . 1 Slashing . | . . . . Piercing . | . . . . Sneak Attacks 7 | . 7 . . Combat Hostiles . | . . . . Follow-up Attacks 7 | . 7 . . Damage Inflicted 2282 | 49 1348 260 625 Guns 852 | 49 92 260 451 Cannons . | . . . . Explosions 174 | . . . 174 Melee 1256 | . 1256 . . Ramming . | . . . . Kinetic 828 | 25 92 260 451 Thermal 24 | 24 . . . Explosive 174 | . . . 174 Electromagnetic . | . . . . Impact 1256 | . 1256 . . Slashing . | . . . . Piercing . | . . . . Highest Corruption 3 | . . . 3 Average Corruption 3 | . . . 3 Corruption Purged . | . . . . Corruption Blocked . | . . . . Effects 2 | . . . 2 Message Errors 2 | . . . 2 Overload Shots . | . . . . Overflow Damage 343 | . 311 . 32 Projectiles . | . . . . Explosions 32 | . . . 32 Melee 311 | . 311 . . Knockbacks 4 | . 4 . . Impact 4 | . 4 . . Kinetic . | . . . . Secondary . | . . . . Self-Inflicted Damage 36 | . . . 36 Shots 1 | . . . 1 Rammed . | . . . . Targets Rammed . | . . . . Kicked . | . . . . Crushed . | . . . . Highest Temperature 27 | 27 9 5 . Average Temperature 8 | 14 6 2 . Received Heat Transfer 291 | . 150 141 . Siege Activations . | . . . . Martial Activations . | . . . . Shielding Activations . | . . . . Robots Disrupted . | . . . . Combat Hostiles . | . . . . Robots Corrupted 9 | . 9 . . Combat Hostiles 5 | . 5 . . Parts Fried 7 | . 7 . . Impact Corruptions 16 | . 16 . . Robots Melted . | . . . . Combat Hostiles . | . . . . Parts Melted . | . . . . Heat Transferred 74 | 74 . . . Parts Sabotaged . | . . . . Parts Stolen . | . . . . Parts Stripped . | . . . . Power Chain Reactions . | . . . . Alert | -11 -10 -10 -10 ------- Run | Yrd Mat Min Exi Maximum Alert Level . | . . . . Low Security (%) 100 | 100 100 100 . Level 1 . | . . . . Level 2 . | . . . . Level 3 . | . . . . Level 4 . | . . . . Level 5 . | . . . . High Security . | . . . . Max Security . | . . . . Peak Influence 128 | 5 128 50 . Initial 46 | . . 46 . Average 26 | . 43 6 . Influence Increases 601 | 5 541 55 . Destroy 0b10 Robot/C 360 | . 320 40 . Destroy 0b10 Robot/NC 55 | 5 45 5 . Destroy Leader 96 | . 86 10 . Successful Hack 14 | . 14 . . Destroy Structure 1 | . 1 . . Lose Combat Pursuer 75 | . 75 . . Influence Decreases 601 | 5 421 175 . Entered New Map 74 | . . 74 . Time Decay 517 | 5 411 101 . Lost Part 10 | . 10 . . Squads Dispatched 5 | . 4 1 . Investigation 2 | . 1 1 . Extermination . | . . . . Reinforcement 3 | . 3 . . Assault . | . . . . Garrison . | . . . . Intercept . | . . . . Searches Triggered . | . . . . Construction Impeded . | . . . . Haulers Reinforced . | . . . . Active Scanning Responses . | . . . . Cargo Convoy Interrupts . | . . . . Stealth | -11 -10 -10 -10 --------- Run | Yrd Mat Min Exi Distress Signals 1 | . 1 . . Communications Jammed . | . . . . Distress Signals . | . . . . Times Spotted 38 | . 30 2 6 Peak Tracking Total 9 | . 5 2 9 Tactical Retreats 5 | . 5 . . Traps | -11 -10 -10 -10 ------- Run | Yrd Mat Min Exi Traps Triggered 4 | . 2 . 2 Indirectly . | . . . . Trap Hack Attempts . | . . . . Triggered . | . . . . Disarmed . | . . . . Reprogrammed . | . . . . Reused . | . . . . Traps Extracted . | . . . . Installed 2 | . . . 2 Triggered . | . . . . Most Traps Carried 3 | . . 3 3 Machines | -11 -10 -10 -10 ---------- Run | Yrd Mat Min Exi Machines Disabled 3 | . . . 3 Max in Single Turn 2 | . . . 2 Machines Repaired . | . . . . Machines Dismantled . | . . . . Machines Sabotaged . | . . . . Overloaded Fab Kills . | . . . . Hacking | -11 -10 -10 -10 --------- Run | Yrd Mat Min Exi Machines Accessed 9 | . 7 1 1 Terminals 5 | . 5 . . Fabricators . | . . . . Repair Stations . | . . . . Recycling Units 2 | . 2 . . Scanalyzers . | . . . . Garrison Access . | . . . . Total Hacks 16 | . 14 1 1 Successful 12 | . 10 1 1 Failed 4 | . 4 . . Catastrophic . | . . . . Database Lockouts . | . . . . Manual 9 | . 9 . . Terminals 9 | . 9 . . Fabricators . | . . . . Repair Stations . | . . . . Recycling Units 5 | . 5 . . Scanalyzers . | . . . . Garrison Access . | . . . . Terminal Hacks 4 | . 2 1 1 Record 1 | . . . 1 Prototype ID Bank 1 | . 1 . . Open Door 1 | . . 1 . Locate Traps 1 | . 1 . . Fabricator Hacks . | . . . . Repair Station Hacks . | . . . . Recycling Unit Hacks 1 | . 1 . . Retrieve Components 1 | . 1 . . Scanalyzer . | . . . . Garrison Access Hacks . | . . . . Unauthorized Hacks 7 | . 7 . . Terminals 7 | . 7 . . Botnet 2 | . 2 . . Skim 5 | . 5 . . Fabricators . | . . . . Repair Stations . | . . . . Recycling Units . | . . . . Scanalyzers . | . . . . Garrison Access . | . . . . Data Cores Recovered . | . . . . Used . | . . . . Hacking Detections 2 | . 2 . . Full Trace Events . | . . . . Feedback Events . | . . . . Feedback Blocked . | . . . . Robot Schematics Acquired . | . . . . Robots Built . | . . . . Authchips . | . . . . Time . | . . . . Total Robot Build Rating . | . . . . Part Schematics Acquired . | . . . . Parts Built . | . . . . Authchips . | . . . . Time . | . . . . Total Part Build Rating . | . . . . Part Studies Acquired . | . . . . Parts Repaired . | . . . . Time . | . . . . Parts Recycled . | . . . . Recycled Matter . | . . . . Retrieved Matter . | . . . . Retrieved Components 3 | . 3 . . Parts Scanalyzed . | . . . . Part Schematics Acquired . | . . . . Parts Damaged . | . . . . Bothacking | -11 -10 -10 -10 ------------ Run | Yrd Mat Min Exi Used RIF Installer . | . . . . Robots Hacked . | . . . . Non-combat . | . . . . Combat . | . . . . Robot Hacks Applied . | . . . . Relay Couplers Released . | . . . . Fabnet Peak Effective % . | . . . . Robots Rewired . | . . . . Allies Hacked . | . . . . Hacks Repelled . | . . . . Allies | -11 -10 -10 -10 -------- Run | Yrd Mat Min Exi Total Allies . | . . . . Largest Group . | . . . . Highest-Rated Group . | . . . . Highest-Rated Ally . | . . . . Total Orders . | . . . . Ally Attacks . | . . . . Total Damage . | . . . . Kills . | . . . . Allies Corrupted . | . . . . Allies Melted . | . . . . X0-1V1 Amusement Gains 115 | . 11 10 94 Average Entertainment 8 | . 11 8 . Good Acts 2 | . . 2 . Bad Acts 2 | . . 2 . Intel | -11 -10 -10 -10 ------- Run | Yrd Mat Min Exi Active Infowar (turns) 1392 | . 1392 . . Structural 1392 | . 1392 . . Robot Analysis Total . | . . . . Derelict Logs Recovered 2 | . . 2 . Drone Launches . | . . . . Drone Recoveries . | . . . . Exploration | -11 -10 -10 -10 ------------- Run | Yrd Mat Min Exi Turns Passed 3758 | 89 1599 1173 897 Spaces Moved 1738 | 43 762 548 385 Core 3 | 3 . . . Treads 181 | 40 141 . . Legs . | . . . . Wheels 1554 | . 621 548 385 Hover . | . . . . Flight . | . . . . Fastest Speed 50 | 50 160 200 200 Average Speed 188 | 153 175 200 200 Slowest Speed 200 | 160 200 200 200 Overloaded Moves . | . . . . Propulsion Burnouts . | . . . . Robots Hopped . | . . . . Potential Cave-ins . | . . . . Cave-ins Triggered . | . . . . Exploration Rate (%) 60 | 3 98 90 50 Regions Visited 3 Branch Regions 2 Pre-discovered Areas 1 | . . . 1 Known Exits Taken 2 | . 1 1 . Unknown Exits Taken 1 | 1 . . . Scrap Searched 1 | . . 1 . Spaces Dug 1 | . 1 . . Terrain Destroyed 18 | . 1 . 17 Melee 1 | . 1 . . Projectile . | . . . . AOE 17 | . . . 17 Terrain Rammed . | . . . . Walls Destroyed . | . . . . Machines Disabled . | . . . . Actions | -11 -10 -10 -10 --------- Run | Yrd Mat Min Exi Total 2055 | 57 921 604 473 Wait 94 | 2 56 16 20 Move 1735 | 42 761 547 385 Hop . | . . . . Pick Up 51 | 4 24 10 13 Fast Attach 13 | 6 5 2 . Attach 7 | . . 1 6 Detach 3 | . 2 . 1 Swap 12 | . 6 2 4 Drop 37 | . 9 12 16 Fire 49 | 3 7 14 25 Melee 52 | . 51 . 1 Ram . | . . . . Kick . | . . . . Crush . | . . . . Escape Stasis . | . . . . Rewire . | . . . . Trap 2 | . . . 2 Miscellaneous . | . . . . Route ------- -11/Scrapyard -10/Materials (discovered 6 exits: *Mat x3 / *Min x2 / *Sub) -10/Mines (discovered 3 exits: *Mat x2 / *Exi) -10/Exiles (discovered 2 exits: Min x2) History --------- Turn | Location | Event 20 | -11/Scrapyard | Discovered new exit (range 14) 90 | -11/Scrapyard | Entered Materials 305 | -10/Materials | Build established: Mutant 428 | -10/Materials | Discovered new exit (range 16) 761 | -10/Materials | Discovered new exit (range 11) 1034 | -10/Materials | Discovered new exit (range 4) 1087 | -10/Materials | Discovered new exit (range 14) 1172 | -10/Materials | Discovered new exit (range 12) 1193 | -10/Materials | Learned 4 Subcaves zone layouts 1293 | -10/Materials | Identified exit to Mines 1293 | -10/Materials | Identified exit to Materials 1328 | -10/Materials | Learned Storage terminal intel 1355 | -10/Materials | Identified exit to Subcaves 1355 | -10/Materials | Learned location of 1 exit from Materials 1434 | -10/Materials | Learned location of 2 exits from Subcaves 1619 | -10/Materials | Prayed at D.C.S.S. Altar Unit 1689 | -10/Materials | Entered Mines 1802 | -10/Mines | Found a Scrap Suit stashed away for nefarious purposes 1825 | -10/Mines | Energy generation permanently improved by X0-1V1 (+10; -100 max core) 1849 | -10/Mines | Learned Materials security intel 1864 | -10/Mines | Received a Rocket Launcher from a helpful Derelict 1915 | -10/Mines | X0-1V1 activates XOMVISION 1962 | -10/Mines | Met a Derelict who couldn't figure out how to use a Trap Extractor 2041 | -10/Mines | Found a hidden stash of uninstalled traps 2496 | -10/Mines | Identified exit to Exiles 2852 | -10/Mines | Deemed a non-threat by the Exiles lab entrance 2862 | -10/Mines | Entered Exiles 2863 | -10/Exiles | Identified exit to Mines 2912 | -10/Exiles | Met 8R-AWN 2944 | -10/Exiles | Met EX-HEX 3024 | -10/Exiles | Met EX-DEC 3034 | -10/Exiles | Learned location of Zion (-6) 3592 | -10/Exiles | Attacked by the Exiles 3732 | -10/Exiles | Lost 3 parts (1p1n1w) 3738 | -10/Exiles | Core integrity fell below 50% 3744 | -10/Exiles | Core integrity fell below 20% 3759 | -10/Exiles | Destroyed by 8R-AWN with 8R-AWN's Boregun Last Messages --------------- 03734_ Penetrated by HV Slug. 03737_ 8R-AWN suffers critical hit (Destroy). 03737_ Penetrated by HV Slug. 03739_ Critical hit (Destroy). 03739_ Arm. Treads destroyed. 03739_ Penetrated by HV Slug. 03742_ Destroyed Prototype Protection. 03743_ Penetrated by HV Slug. 03743_ Critical hit (Destroy). 03743_ Assault Rifle destroyed. 03743_ Penetrated by HV Slug. 03751_ Targeting Computer destroyed. 03751_ HV Slug penetrates Wall. 03752_ 6KDY GQH |M%KVVVS#Z7BI 03755_ Penetrated by HV Slug. 03755_ Stasis field depleted. 03755_ Penetrated by HV Slug. 03759_ Imp. Heat Sink destroyed. 03759_ Penetrated by HV Slug. 03759_ X0-1V1 howls with laughter! Map ----- +----------------------------------------------------+ | ?????????????????????????????????????????????????? | | ?????????????????????????????????????????????????? | | ?????????????????????????????????????????????????? | | ?????????????????????????????????????????????????? | | ?????????????????????????????????????????????????? | | ?????????????????????????????????????????????????? | | ?????????????????????????????????????????????????? | | ??????????????????>??????????????????????????????? | | ?????????????????????????????????????????????????? | | ?????????????????????????????????????????????????? | | ?????????????????????????????????????????????????? | | ?????????????????????????????????????????????????? | | ?????????????????????????????????????????????????? | | ????????????????????????????????????#######??????? | | ?????????????? ??????? ######???????#!!! "#??????? | | ??????????????? ????? #""#??????# "#??????? | | ???????????????? #??? ??????# "#??????? | | ????????????????# #?" ##???## ""#??????? | | ?????????????????#;"? #####" ""#??????? | | ??????????????????#;#? ##" ""???????? | | ???????????????????# #? #"" #????????? | | ????????????????????# #??# #????????? | | ?????????????????????#;#????# ##???????? | | ??????????????????????# ???# "###?????? | | ??????????????????????##;#### #????? | | ??????????????????????#!!@ """ % #???? | | ??????????????????????#!! g % ##### | | ??????????????????????#! % % ""# | | ??????????????????????#! # | | ??????????????????????# !"""" #######" | | ??????????????????????###########????#### | | ????????????????????????????????????????### | | ??????????????????????????????????????????### | | ????????????????????????????????????????????## | | ?????????????????????????????????????????????## | | ??????????????????????????????????????????????##" | | ???????????????????????????????????????????????#"" | | ???????????????????????????????????????????????#" | | ??????????????????????????????????????????????#"" | | ??????????????????????????????????????????????#""" | | ??????????????????????????????????????????????""" | | ??????????????????????????????????????????????""" | | ???????????????????????????????????????????????" | | ??????????????????????????????????????????????""" | | ??????????????????????????????????????????????"" | | ???????????????????????????????????????????????"" | | ???????????????????????????????????????????????""" | | ???????????????????????????????????????????????? | | ?????????????????????????????????????????????????? | | ?????????????????????????????????????????????????? | +----------------------------------------------------+ Best States ------------- Heat Dissipation 35 Energy Generation 20 Energy Capacity 250 Matter Stores 300 Matter Capacity 300 Sight Range 16 Terrain Scan Density 10 Evasion (%) 40 Targeting Accuracy 5 Recoil Reduction 2 Item Schematics ----------------- None Robot Schematics ------------------ None Fabricated ------------ Nothing Repaired ---------- Nothing Studied --------- None Alien Tech Used ----------------- None Achievements -------------- None Challenges ------------ None Game ------ Seed DiametricPietyTearclaws Manual? 0 Play Time 00:16:12 Cumulative 1735.2 hours Start 2026.08.31 @ 02:28:22 End 2026.08.31 @ 02:41:02 Sessions 1 Manual Loads 0 Difficulty Rogue Special Mode None Game No. 1247 Rogue 1207 Adventurer 40 Explorer 0 Win Type - Total 229 Types 109/12/76/3/2/4/16/2/1/4 Lore% 97 Gallery% 98 Achievement% 93 Wizard Run 0 Options --------- Layout 0 ASCII 0 Keyboard 0 Movement Numpad Keybinds 0 Fullscreen 0 Font 20/Terminus Map View 76x50 Zoom Use 0% Tactical HUD 1 Map Filters NONE Filters NONE Steam 1 RUN: 69940afd-b04b-4da3-9b51-dd77116b72bf